TOP OF THE 1ST |
Arizona Wildcats batting - Pitching for Missouri Tigers : RHP Dave Hayes
|
Pitching: RHP Dave Hayes
|
|
Batting: RHB Dean Oglethorpe
|
0-0: Swinging Strike 0-1: DOUBLE (Line Drive, 78S)
|
Batting: RHB Donald Fenner
|
0-0: Reached on error, E8 (Flyball, 8LM) Dean Oglethorpe to third
|
Batting: RHB Edison Jones
|
0-0: Called Strike 0-1: Foul Ball, location: 2F 0-2: Grounds into double play, 4-6-3 (Groundball, 4) Dean Oglethorpe scores
|
Batting: RHB Jon Hartley
|
0-0: Swinging Strike 0-1: Foul Ball, location: 2F 0-2: Ball 1-2: Foul Ball, location: 2F 1-2: Strikes out swinging passed ball, reaches first!
|
Batting: SHB José Acevedo
|
Pickoff Throw to First - Error! E1 Jon Hartley to second 0-0: Ball 1-0: Swinging Strike 1-1: Ball Jon Hartley steals 3rd base 2-1: Foul Ball, location: 2F 2-2: Ground out U3 (Groundball, 34)
|
Top of the 1st over - 1 run(s), 1 hit(s), 2 error(s), 1 left on base; Arizona 1 - Missouri 0 |
BOTTOM OF THE 1ST |
Missouri Tigers batting - Pitching for Arizona Wildcats : RHP Jean-Philippe St-Laurent
|
Pitching: RHP Jean-Philippe St-Laurent
|
|
Batting: SHB David Castaneda
|
0-0: Ground out 4-3 (Groundball, 34)
|
Batting: SHB Jim Flynn
|
0-0: Foul Ball, location: 2F 0-1: Swinging Strike 0-2: Ball 1-2: Ball 2-2: Ball 3-2: Base on Balls
|
Batting: RHB Wesley Fuller
|
0-0: Called Strike 0-1: Grounds into double play, 5-4-3 (Groundball, 56)
|
Bottom of the 1st over - 0 run(s), 0 hit(s), 0 error(s), 0 left on base; Arizona 1 - Missouri 0 |
TOP OF THE 2ND |
Arizona Wildcats batting - Pitching for Missouri Tigers : RHP Dave Hayes
|
Batting: SHB Andrew Walters
|
0-0: Foul Ball, location: 2F 0-1: Fly out, F6 (Flyball, 6D)
|
Batting: RHB José Luján
|
0-0: Swinging Strike 0-1: Ground out 4-3 (Groundball, 4M)
|
Batting: RHB Brian Brown
|
0-0: Foul Ball, location: 2F 0-1: Foul Ball, location: 2F 0-2: Strikes out swinging
|
Top of the 2nd over - 0 run(s), 0 hit(s), 0 error(s), 0 left on base; Arizona 1 - Missouri 0 |
BOTTOM OF THE 2ND |
Missouri Tigers batting - Pitching for Arizona Wildcats : RHP Jean-Philippe St-Laurent
|
Batting: LHB Joe Hanson
|
0-0: Foul Ball, location: 2F 0-1: Ball 1-1: Foul Ball, location: 2F 1-2: Ball 2-2: Foul Ball, location: 2F 2-2: Ball 3-2: Strikes out looking
|
Batting: RHB Beau McNeill
|
0-0: Called Strike 0-1: Ball 1-1: Foul Ball, location: 2F 1-2: Ball 2-2: Strikes out swinging
|
Batting: LHB Joe Lowery
|
0-0: Ball 1-0: Fly out, F8 (Flyball, 89S)
|
Bottom of the 2nd over - 0 run(s), 0 hit(s), 0 error(s), 0 left on base; Arizona 1 - Missouri 0 |
TOP OF THE 3RD |
Arizona Wildcats batting - Pitching for Missouri Tigers : RHP Dave Hayes
|
Batting: RHB Thomas Bravo
|
0-0: Ball 1-0: Foul Ball, location: 2F 1-1: Ball 2-1: Ball 3-1: Swinging Strike 3-2: Strikes out swinging
|
Batting: RHB Dean Oglethorpe
|
0-0: Ball 1-0: SINGLE (Line Drive, 89S)
|
Batting: RHB Donald Fenner
|
0-0: Called Strike 0-1: Swinging Strike 0-2: Grounds into double play, 1-6-3 (Groundball, 13)
|
Top of the 3rd over - 0 run(s), 1 hit(s), 0 error(s), 0 left on base; Arizona 1 - Missouri 0 |
BOTTOM OF THE 3RD |
Missouri Tigers batting - Pitching for Arizona Wildcats : RHP Jean-Philippe St-Laurent
|
Batting: RHB Broderick Banks
|
0-0: Ball 1-0: Foul Ball, location: 2F 1-1: Ball 2-1: Foul Ball, location: 2F 2-2: Ball 3-2: Base on Balls
|
Batting: RHB Raymond Kerr
|
0-0: Ball 1-0: Called Strike 1-1: Foul Ball, location: 2F 1-2: Ground out 5-3 (Groundball, 56S) Broderick Banks to second
|
Batting: RHB Harvey Willis
|
0-0: Ball 1-0: Called Strike 1-1: Swinging Strike 1-2: Ball 2-2: Ball 3-2: Base on Balls
|
Batting: SHB David Castaneda
|
0-0: Fly out, F6 (Flyball, 56D)
|
Batting: SHB Jim Flynn
|
0-0: Ball 1-0: Foul Ball, location: 2F 1-1: Swinging Strike 1-2: Foul Ball, location: 2F 1-2: Strikes out swinging
|
Bottom of the 3rd over - 0 run(s), 0 hit(s), 0 error(s), 2 left on base; Arizona 1 - Missouri 0 |
TOP OF THE 4TH |
Arizona Wildcats batting - Pitching for Missouri Tigers : RHP Dave Hayes
|
Batting: RHB Edison Jones
|
0-0: Foul Ball, location: 2F 0-1: Foul Ball, location: 2F 0-2: Foul Ball, location: 2F 0-2: Ball 1-2: Strikes out swinging
|
Batting: RHB Jon Hartley
|
0-0: Ball 1-0: Ball 2-0: Ball 3-0: Base on Balls
|
Batting: SHB José Acevedo
|
0-0: Called Strike 0-1: Ball 1-1: Swinging Strike 1-2: Ball Jon Hartley is caught stealing 2nd base 2-2: Foul Ball, location: 2F 2-2: SINGLE (Flyball, 9S)
|
Batting: SHB Andrew Walters
|
0-0: Foul Ball, location: 2F 0-1: Ball 1-1: Ball 2-1: Ball 3-1: Called Strike 3-2: Base on Balls José Acevedo to second
|
Batting: RHB José Luján
|
0-0: Called Strike 0-1: Foul Ball, location: 2F 0-2: 3-RUN HOME RUN (Flyball, 7D), Distance : 346 ft
|
Batting: RHB Brian Brown
|
0-0: Ball 1-0: Ball 2-0: Called Strike 2-1: Ball 3-1: Ground out 5-3 (Groundball, 56)
|
Top of the 4th over - 3 run(s), 2 hit(s), 0 error(s), 0 left on base; Arizona 4 - Missouri 0 |
BOTTOM OF THE 4TH |
Missouri Tigers batting - Pitching for Arizona Wildcats : RHP Jean-Philippe St-Laurent
|
Batting: RHB Wesley Fuller
|
0-0: Ball 1-0: Fly out, F9 (Flyball, 89M)
|
Batting: LHB Joe Hanson
|
0-0: Called Strike 0-1: Ball 1-1: Foul Ball, location: 2F 1-2: SINGLE (Line Drive, 7LS)
|
Batting: RHB Beau McNeill
|
0-0: Ball Joe Hanson steals 2nd base 1-0: Ground out 6-3 (Groundball, 6MS) Joe Hanson to third
|
Batting: LHB Joe Lowery
|
0-0: Ball 1-0: Called Strike 1-1: Ball 2-1: Foul Ball, location: 2F 2-2: Foul Ball, location: 2F 2-2: Strikes out swinging
|
Bottom of the 4th over - 0 run(s), 1 hit(s), 0 error(s), 1 left on base; Arizona 4 - Missouri 0 |
TOP OF THE 5TH |
Arizona Wildcats batting - Pitching for Missouri Tigers : RHP Dave Hayes
|
Batting: RHB Thomas Bravo
|
0-0: Ball 1-0: SINGLE (Line Drive, 56)
|
Batting: RHB Dean Oglethorpe
|
0-0: Ball 1-0: Fly out, F9 (Flyball, 89M)
|
Batting: RHB Donald Fenner
|
0-0: Foul Ball, location: 2F 0-1: Called Strike 0-2: Ball 1-2: Ball 2-2: Ground out 5-3 (Groundball, 5S) Thomas Bravo to second
|
Batting: RHB Edison Jones
|
0-0: Ball 1-0: Called Strike 1-1: Ball 2-1: SINGLE (Line Drive, 78M) Thomas Bravo to third Runner from 3rd tries for Home, SAFE, no throw
|
Pitching: LHP Alfonso Cardenas
|
|
Batting: RHB Jon Hartley
|
0-0: Ball 1-0: Swinging Strike 1-1: Called Strike 1-2: Ball 2-2: Strikes out swinging
|
Top of the 5th over - 1 run(s), 2 hit(s), 0 error(s), 1 left on base; Arizona 5 - Missouri 0 |
BOTTOM OF THE 5TH |
Missouri Tigers batting - Pitching for Arizona Wildcats : RHP Jean-Philippe St-Laurent
|
Batting: RHB Broderick Banks
|
0-0: Ball 1-0: Ground out 4-3 (Groundball, 4)
|
Batting: RHB Raymond Kerr
|
0-0: Ball 1-0: TRIPLE (Line Drive, 3L)
|
Batting: RHB Harvey Willis
|
0-0: Swinging Strike 0-1: Called Strike 0-2: Ball 1-2: Foul Ball, location: 2F 1-2: Ground out 6-3 (Groundball, 6) Raymond Kerr scores
|
Batting: SHB David Castaneda
|
0-0: Called Strike 0-1: Ball 1-1: Foul Ball, location: 2F 1-2: Ball 2-2: Ball 3-2: Base on Balls
|
Batting: SHB Jim Flynn
|
0-0: Ball 1-0: Ball 2-0: Ball 3-0: Base on Balls David Castaneda to second
|
Batting: RHB Wesley Fuller
|
0-0: Ground out 4-3 (Groundball, 4S)
|
Bottom of the 5th over - 1 run(s), 1 hit(s), 0 error(s), 2 left on base; Arizona 5 - Missouri 1 |
TOP OF THE 6TH |
Arizona Wildcats batting - Pitching for Missouri Tigers : LHP Alfonso Cardenas
|
Batting: SHB José Acevedo
|
0-0: Fly out, F9 (Flyball, 9S)
|
Batting: SHB Andrew Walters
|
0-0: Fly out, F6 (Popup, 4MD)
|
Batting: RHB José Luján
|
0-0: Ball 1-0: Fly out, F9 (Flyball, 89M)
|
Top of the 6th over - 0 run(s), 0 hit(s), 0 error(s), 0 left on base; Arizona 5 - Missouri 1 |
BOTTOM OF THE 6TH |
Missouri Tigers batting - Pitching for Arizona Wildcats : RHP Jean-Philippe St-Laurent
|
Batting: LHB Joe Hanson
|
0-0: Called Strike 0-1: Ball 1-1: Swinging Strike 1-2: Foul Ball, location: 2F 1-2: Foul Ball, location: 2F 1-2: SINGLE (Line Drive, 34)
|
Pitching: RHP Mike Meadows
|
|
Batting: RHB Beau McNeill
|
0-0: Called Strike Joe Hanson steals 2nd base 0-1: Ball 1-1: Swinging Strike 1-2: Ball 2-2: Strikes out swinging
|
Batting: LHB Joe Lowery
|
0-0: Ball Joe Hanson steals 3rd base 1-0: Ball 2-0: Swinging Strike 2-1: Swinging Strike 2-2: Strikes out swinging
|
Batting: RHB Broderick Banks
|
0-0: Ball 1-0: Ground out 6-3 (Groundball, 6)
|
Bottom of the 6th over - 0 run(s), 1 hit(s), 0 error(s), 1 left on base; Arizona 5 - Missouri 1 |
TOP OF THE 7TH |
Arizona Wildcats batting - Pitching for Missouri Tigers : LHP Alfonso Cardenas
|
Batting: RHB Brian Brown
|
0-0: Ball 1-0: Ball 2-0: Ball 3-0: Foul Ball, location: 2F 3-1: Base on Balls
|
Batting: RHB Thomas Bravo
|
0-0: Ball 1-0: Ball 2-0: Sac Bunt - play at first, batter OUT! 1-3 Brian Brown to second
|
Batting: RHB Dean Oglethorpe
|
0-0: Swinging Strike 0-1: Foul Ball, location: 2F 0-2: Ball 1-2: Ball 2-2: Foul Ball, location: 2F 2-2: Foul Ball, location: 2F 2-2: Strikes out swinging
|
Batting: RHB Donald Fenner
|
0-0: Swinging Strike 0-1: Ball 1-1: Ball 2-1: DOUBLE (Line Drive, 7LM) Brian Brown scores
|
Batting: RHB Edison Jones
|
0-0: Swinging Strike 0-1: Swinging Strike 0-2: Ground out 5-3 (Groundball, 56)
|
Top of the 7th over - 1 run(s), 1 hit(s), 0 error(s), 1 left on base; Arizona 6 - Missouri 1 |
BOTTOM OF THE 7TH |
Missouri Tigers batting - Pitching for Arizona Wildcats : RHP Mike Meadows
|
Batting: RHB Raymond Kerr
|
0-0: Reached on error, E5 (Groundball, 5)
|
Batting: RHB Harvey Willis
|
0-0: Ball 1-0: SINGLE (Groundball, 34D) Raymond Kerr to third
|
Batting: SHB David Castaneda
|
0-0: Foul Ball, location: 2F 0-1: Foul Ball, location: 2F 0-2: Ball 1-2: Ball 2-2: SINGLE (Line Drive, 8RS) Raymond Kerr scores Harvey Willis to second
|
Batting: SHB Jim Flynn
|
0-0: Called Strike 0-1: Ball 1-1: Swinging Strike 1-2: Ball 2-2: Strikes out swinging
|
Batting: RHB Wesley Fuller
|
0-0: Called Strike 0-1: Ball 1-1: Ball 2-1: Ball 3-1: Base on Balls Harvey Willis to third David Castaneda to second
|
Batting: LHB Joe Hanson
|
0-0: Ball 1-0: Fielders Choice at 2nd, 3-6 (Groundball, 3) Harvey Willis scores David Castaneda to third
|
Batting: RHB Beau McNeill
|
0-0: Ball 1-0: Fielders Choice at 2nd, 6-4 (Groundball, 6)
|
Bottom of the 7th over - 2 run(s), 2 hit(s), 1 error(s), 1 left on base; Arizona 6 - Missouri 3 |
TOP OF THE 8TH |
Arizona Wildcats batting - Pitching for Missouri Tigers : LHP Alfonso Cardenas
|
Batting: RHB Jon Hartley
|
0-0: Ball 1-0: Swinging Strike 1-1: Ball 2-1: Swinging Strike 2-2: Ball 3-2: Strikes out looking
|
Batting: SHB José Acevedo
|
0-0: Called Strike 0-1: Ball 1-1: Ground out U3 (Groundball, 3)
|
Batting: SHB Andrew Walters
|
0-0: Fly out, F9 (Flyball, 89S)
|
Top of the 8th over - 0 run(s), 0 hit(s), 0 error(s), 0 left on base; Arizona 6 - Missouri 3 |
BOTTOM OF THE 8TH |
Missouri Tigers batting - Pitching for Arizona Wildcats : RHP Mike Meadows
|
Batting: LHB Joe Lowery
|
0-0: Ball 1-0: Swinging Strike 1-1: Ball 2-1: Ball 3-1: Base on Balls
|
Batting: RHB Broderick Banks
|
0-0: Swinging Strike 0-1: Swinging Strike 0-2: Fly out, F8 (Flyball, 8RD)
|
Batting: RHB Raymond Kerr
|
0-0: Fielders Choice at 2nd, 4-6 (Groundball, 4)
|
Batting: RHB Harvey Willis
|
0-0: Swinging Strike 0-1: Ball 1-1: Called Strike 1-2: Foul Ball, location: 2F 1-2: Ball 2-2: Ball 3-2: Foul Ball, location: 2F 3-2: Foul Ball, location: 2F 3-2: Ground out 5-3 (Groundball, 5L)
|
Bottom of the 8th over - 0 run(s), 0 hit(s), 0 error(s), 1 left on base; Arizona 6 - Missouri 3 |
TOP OF THE 9TH |
Arizona Wildcats batting - Pitching for Missouri Tigers : LHP Alfonso Cardenas
|
Batting: RHB José Luján
|
0-0: Called Strike 0-1: Foul Ball, location: 2F 0-2: Ball 1-2: Ball 2-2: Ball 3-2: Ground out 6-3 (Groundball, 6)
|
Batting: RHB Brian Brown
|
0-0: Ball 1-0: Foul Ball, location: 2F 1-1: Swinging Strike 1-2: Ball 2-2: Strikes out swinging
|
Pitching: RHP Shane Burt
|
|
Batting: RHB Thomas Bravo
|
0-0: Called Strike 0-1: Ball 1-1: Foul Ball, location: 2F 1-2: Strikes out swinging
|
Top of the 9th over - 0 run(s), 0 hit(s), 0 error(s), 0 left on base; Arizona 6 - Missouri 3 |
BOTTOM OF THE 9TH |
Missouri Tigers batting - Pitching for Arizona Wildcats : RHP Mike Meadows
|
Pitching: RHP Kenny Gray
|
|
Batting: SHB David Castaneda
|
0-0: DOUBLE (Flyball, 78M)
|
Batting: SHB Jim Flynn
|
0-0: Ball 1-0: Ground out U3 (Groundball, 3) David Castaneda to third
|
Batting: RHB Wesley Fuller
|
0-0: Hit by Pitch
|
Batting: LHB Joe Hanson
|
0-0: Called Strike 0-1: Foul Ball, location: 2F 0-2: Ball 1-2: Ball 2-2: Fielders Choice at 2nd, 3-6 (Groundball, 34) David Castaneda scores
|
Batting: RHB Beau McNeill
|
0-0: Called Strike 0-1: Called Strike 0-2: Fly out, F5 (Line Drive, 5)
|
Bottom of the 9th over - 1 run(s), 1 hit(s), 0 error(s), 1 left on base; Arizona 6 - Missouri 4 |
|